 Dungeon Crawl Stone Soup version 0.22.0-38-g04b72b8 (webtiles) character file.

15070 poirepourri the Cleaver (level 11, -8/114 HPs)
             Began as a Deep Dwarf Fighter on Aug 30, 2018.
             Was a Priest of Makhleb.
             Mangled by a death yak (9 damage)
             ... on level 2 of the Lair of Beasts.
             The game lasted 00:08:40 (6771 turns).

poirepourri the Cleaver (Deep Dwarf Fighter)        Turns: 6771, Time: 00:08:41

Health: -8/114     AC: 11    Str: 20    XL:     11   Next: 97%
Magic:  1/1        EV:  8    Int:  9    God:    Makhleb [***...]
Gold:   610        SH: 12    Dex: 15    Spells: 10/10 levels left

rFire    . . .     SeeInvis .   a - +6 hand axe (chop)
rCold    . . .     Gourm    .   c - +0 shield
rNeg     . . .     Faith    .   g - +0 scale mail
rPois    .         Spirit   .   t - +0 helmet
rElec    .         Reflect  .   A - scarf {cloud immunity}
rCorr    .         Harm     .   p - +0 pair of gloves
MR       +....                  k - +1 pair of boots
Stlth    ..........             l - amulet of the acrobat
HPRegen  0.00/turn              x - ring of flight
MPRegen  0.07/turn              (no ring)

@: lethally poisoned (-8 -> -8), non-regenerating
A: damage resistance, heal wounds, sense surroundings 2, no regeneration
a: Heal Wounds, Minor Destruction, Lesser Servant of Makhleb, Renounce Religion,
Evoke Flight


You were on level 2 of the Lair of Beasts.
You worshipped Makhleb.
Makhleb was most pleased with you.
You were very full.

You visited 3 branches of the dungeon, and saw 11 of its levels.

You collected 610 gold pieces.

Inventory:

Hand Weapons
 a - a +6 hand axe of chopping (weapon)
 b - a +1 hand axe of flaming
 z - a +0 war axe
Missiles
 u - 61 bolts
 v - 5 throwing nets (quivered)
Armour
 c - a +0 shield (worn)
 g - a +0 scale mail (worn)
 k - a +1 pair of boots (worn)
 p - a +0 pair of gloves (worn)
 t - a +0 helmet (worn)
 A - a scarf of cloud immunity (worn)
Jewellery
 l - an amulet of the acrobat (around neck)
 x - a ring of flight (left hand)
 y - an uncursed amulet of faith {unknown}
 C - an uncursed amulet of harm {unknown}
 D - an uncursed ring of teleportation
Wands
 E - a wand of flame (19)
 G - a wand of paralysis (9)
Scrolls
 d - a scroll of fog
 n - 3 scrolls of teleportation
 s - 2 scrolls of amnesia
 F - a scroll of remove curse
Potions
 e - a potion of berserk rage
 h - 6 potions of flight
 i - 3 potions of lignification
 j - 2 potions of curing
 m - a potion of magic
 o - a potion of resistance
 q - a potion of mutation
 r - a potion of heal wounds
 w - a potion of ambrosia
 B - a potion of agility {unknown}
 I - a potion of degeneration {unknown}
Comestibles
 f - 24 rations


   Skills:
 - Level 12.0 Fighting
 - Level 12.3 Axes
 - Level 3.2 Armour
 + Level 10.8 Shields


You had 10 spell levels left.
You didn't know any spells.
Your spell library contained the following spells:

 Spells                   Type           Power        Failure   Level  Hunger
 Animate Skeleton         Necr           N/A          89%         1    ##.....
 Apportation              Tloc           #.....       89%         1    ##.....
 Confusing Touch          Hex            #.....       89%         1    ##.....
 Corona                   Hex            #......      89%         1    ##.....
 Infusion                 Chrm           #...         89%         1    ##.....
 Summon Small Mammal      Summ           #...         89%         1    ##.....
 Ensorcelled Hibernation  Hex/Ice        #.....       96%         2    ###....
 Shroud of Golubria       Chrm/Tloc      #.........   96%         2    ###....
 Song of Slaying          Chrm           #.......     96%         2    ###....
 Confuse                  Hex            #.......     99%         3    ####...
 Dazzling Spray           Conj/Hex       #.....       99%         3    ####...
 Spectral Weapon          Hex/Chrm       #.......     99%         3    ####...
 Tukima's Dance           Hex            #.......     99%         3    ####...
 Regeneration             Chrm/Necr      Unusable     N/A         3    N/A

Dungeon Overview and Level Annotations

Branches:
Dungeon (8/15)             Temple (1/1) D:6            Lair (2/6) D:8
  Swamp: Lair:2-4    Shoals: Lair:2-4     Snake: Lair:2-4    Spider: Lair:2-4

Altars:
Ashenzari
Cheibriados
Dithmenos
Elyvilon
Gozag
Hepliaklqana
Kikubaaqudgha
Makhleb
Nemelex Xobeh
Okawaru
Qazlal
Ru
Trog
Uskayaw
Vehumet
Wu Jian
Xom
Yredelemnul
Zin
The Shining One

Shops:
D:4 (

Annotations:
D:6 3 runed doors, leisz's ghost, amateur DsAK
D:7 1 transporter
Lair:1 exclusion: oklob plant


Innate Abilities, Weirdness & Mutations

You are resistant to damage.
You can heal yourself by infusing magical energy.
You passively map the area around you.
You do not regenerate.


Message History

* * * LOW HITPOINT WARNING * * *
You hit the death yak.
The death yak is severely wounded.
You hit the death yak.
The death yak is severely wounded.
You block the death yak's attack.
You hit the death yak.
The death yak is almost dead.
The death yak gores you.
* * * LOW HITPOINT WARNING * * *
You barely miss the death yak.
The death yak is almost dead.
You completely miss the death yak.
The death yak is almost dead.
The death yak gores you!!
* * * LOW HITPOINT WARNING * * *
You hit the death yak.
The death yak is almost dead.
The death yak gores you!
You die...

, ...>........#.# , , *,
##.......# ** * *
#......### #......#
##.....# ##.....#
#......## ## ##Y......#
.############# #@#.....[#
#.#.##..##...#####......#
........................#
.<....................>.#
††......................P#
.......................P##
.................).......#
........................##
........†..............#.#


You could see a death yak.

Vanquished Creatures
  Harold (D:8)
  Erica (D:8)
  A hydra (Lair:1)
  A death yak (Lair:2)
  Pikel (D:8)
  2 black mambas (Lair:2)
  Joseph (D:8)
  Maurice (D:8)
  2 spiny frogs (Lair:2)
  A komodo dragon (Lair:1)
  A rime drake (Lair:2)
  A queen bee (Lair:1)
  A hornet (D:8)
  3 blink frogs (Lair:1)
  2 hippogriffs
  18 yaks (Lair:1)
  A spriggan (D:8)
  Sigmund (D:2)
  3 vampire mosquitoes (D:8)
  Edmund (D:4)
  A water moccasin (Lair:2)
  2 porcupines (Lair:1)
  A black bear (D:7)
  A sky beast (D:8)
  4 ogres
  2 ice beasts
  3 orc warriors
  2 slaves (D:8)
  A phantom (D:4)
  4 wolves (Lair:2)
  A centaur (D:8)
  5 crocodiles
  10 bullfrogs
  3 scorpions
  15 killer bees (Lair:1)
  A howler monkey (D:7)
  2 bullfrog zombies
  4 quasits
  A centaur zombie (D:4)
  3 jellies
  6 orc wizards
  2 orc priests
  A gnoll shaman (D:8)
  5 hounds
  A centaur skeleton (D:4)
  Jessica (D:3)
  5 iguanas
  Natasha (twice) (D:3)
  3 worker ants
  A hound zombie (D:8)
  2 howler monkey zombies
  A worker ant zombie (D:7)
  Robin (D:3)
  8 gnolls
  2 adders
  A shadow imp (D:6)
  4 worms
  2 dart slugs (D:1)
  5 leopard geckos
  20 orcs
  4 giant cockroaches
  18 goblins
  8 hobgoblins
  6 jackals
  8 kobolds
  5 quokkas
  4 ball pythons
  7 bats
  5 frilled lizards
  A hobgoblin zombie (D:6)
  An orc zombie (D:6)
  A quokka skeleton (D:8)
  3 rats
254 creatures vanquished.

Vanquished Creatures (others)
  A bush (Lair:2)
1 creature vanquished.

Grand Total: 255 creatures vanquished

Notes
Turn   | Place    | Note
-------+----------+-------------------------------------------
     0 | D:1      | poirepourri the Deep Dwarf Fighter began the quest for the Orb.
     0 | D:1      | Reached XP level 1. HP: 20/20 MP: 1/1
   147 | D:1      | Reached XP level 2. HP: 25/27 MP: 2/2
   655 | D:2      | Reached XP level 3. HP: 14/33 MP: 3/3
   834 | D:2      | Noticed Sigmund
   858 | D:2      | Killed Sigmund
   858 | D:2      | Reached XP level 4. HP: 23/40 MP: 4/4
   858 | D:2      | Reached XP level 5. HP: 27/46 MP: 5/5
   888 | D:2      | Found a snail-covered altar of Cheibriados.
  1443 | D:3      | Reached XP level 6. HP: 28/55 MP: 6/6
  1489 | D:3      | Noticed Natasha
  1498 | D:3      | Killed Natasha
  1790 | D:3      | Found a faded altar of an unknown god.
  1790 | D:3      | Found a bloodstained altar of Trog.
  1795 | D:3      | Found a sacrificial altar of Ru.
  1797 | D:3      | Found an iron altar of Okawaru.
  1799 | D:3      | Found a faded altar of an unknown god.
  1845 | D:3      | Noticed Natasha
  1851 | D:3      | Killed Natasha
  1936 | D:3      | Noticed Robin
  1940 | D:3      | Killed Robin
  2020 | D:3      | Noticed Jessica
  2026 | D:3      | Killed Jessica
  2161 | D:4      | Reached XP level 7. HP: 51/61 MP: 7/7
  2234 | D:4      | Found Ontalul's Antique Weapon Emporium.
  2504 | D:4      | Reached skill level 10 in Axes
  2646 | D:4      | Noticed Edmund
  2658 | D:4      | Killed Edmund
  2658 | D:4      | Reached XP level 8. HP: 50/68 MP: 7/7
  2851 | D:5      | Entered Level 5 of the Dungeon
  3112 | D:5      | Found a white marble altar of Elyvilon.
  3199 | D:5      | Found an ornate altar of the Wu Jian Council.
  3584 | D:6      | Found a staircase to the Ecumenical Temple.
  3612 | Temple   | Entered the Ecumenical Temple
  3833 | D:6      | Found a sand-covered staircase.
  3958 | D:6      | Noticed leisz's ghost (amateur DsAK)
  3965 | D:6      | Found a runed gate.
  3965 | D:6      | Found a runed gate.
  3965 | D:6      | Found a runed gate.
  3978 | D:6      | Found a burning altar of Makhleb.
  3986 | D:6      | Became a worshipper of Makhleb the Destroyer
  4072 | D:6      | Found an ancient bone altar of Kikubaaqudgha.
  4162 | D:6      | Found a shadowy altar of Dithmenos.
  4198 | D:6      | Gained mutation: You passively map the area around you. [Deep Dwarf growth]
  4198 | D:6      | Reached XP level 9. HP: 48/76 MP: 6/6
  4520 | D:7      | Reached skill level 5 in Fighting
  4532 | D:7      | Found a shimmering altar of Xom.
  4592 | D:7      | Found a transporter.
  4712 | D:7      | Reached * piety under Makhleb
  4779 | D:7      | Found the +0 Maxwell's etheric cage {RegenMP+ *Contam rElec MP+4}
  5016 | D:8      | Noticed Erica
  5019 | D:8      | Found a staircase to the Lair.
  5036 | D:8      | Killed Erica
  5085 | D:8      | Noticed Pikel
  5101 | D:8      | Killed Pikel
  5101 | D:8      | Reached XP level 10. HP: 71/98 MP: 5/5
  5148 | D:8      | Noticed Harold
  5173 | D:8      | Killed Harold
  5193 | D:8      | Reached skill level 10 in Fighting
  5198 | D:8      | Noticed Joseph
  5207 | D:8      | Noticed Maurice
  5213 | D:8      | Reached ** piety under Makhleb
  5220 | D:8      | Killed Joseph
  5227 | D:8      | Killed Maurice
  5680 | Lair:1   | Entered Level 1 of the Lair of Beasts
  5682 | Lair:1   | Noticed a four-headed hydra
  5824 | Lair:1   | Reached XP level 11. HP: 60/114 MP: 5/5
  6036 | Lair:1   | Reached skill level 5 in Shields
  6104 | Lair:1   | Killed a one-headed hydra
  6266 | Lair:1   | Noticed an oklob plant
  6376 | Lair:1   | Reached *** piety under Makhleb
  6619 | Lair:2   | Reached skill level 10 in Shields
  6710 | Lair:2   | Noticed a death yak
  6711 | Lair:2   | Noticed a death yak
  6711 | Lair:2   | Noticed a death yak
  6748 | Lair:2   | Killed a death yak
  6770 | Lair:2   | HP: 1/114 [death yak (22)]
  6771 | Lair:2   | Mangled by a death yak

Skill      XL: |  1  2  3  4  5  6  7  8  9 10 11 |
---------------+----------------------------------+-----
Axes           | 3 6 7 8 10 12 | 12.3
Fighting       | 3 8 11 12 | 12.0
Shields        | 10 | 10.8
Armour         | |  3.2

Action                   |  1- 3 |  4- 6 |  7- 9 | 10-12 || total
-------------------------+-------+-------+-------+-------++-------
Melee: War axe           |    75 |       |       |       ||    75
       Hand axe          |    13 |   143 |   325 |   327 ||   808
 Abil: Heal Wounds       |     1 |     3 |     9 |    23 ||    36
Evoke: Wand              |       |       |    11 |    12 ||    23
  Use: Scroll            |     7 |     4 |    13 |     4 ||    28
       Potion            |     2 |       |       |     1 ||     3
  Eat: Ration            |       |     3 |     3 |     2 ||     8
Armor: Scale mail        |    22 |    47 |   115 |   124 ||   308
       Skin              |     4 |       |       |       ||     4
Dodge: Dodged            |    23 |    34 |    80 |   122 ||   259
Block: Shield            |    41 |    64 |   120 |   191 ||   416
